Map: Triton LE

Players

DPGCure (Cure)

  • Race: Terran Terran
  • League: Master
  • Spawn Location: 11:00

INnoVation - Winner!

  • Race: Terran Terran
  • League: Grandmaster
  • Spawn Location: 5:00

VOD

Have the link to the VOD?

Description

Time

  • Played on: Jan. 19, 2020, 7:53 a.m.
  • Length: 4:18
Show
View Real Time Build Order
Export as new Build Order

DPGCure Terran 

Build Orders:  

Get SALT Encoding   

  12  0:00  SCV  
  13  0:13  Supply Depot  
  13  0:17  SCV  
  14  0:35  Barracks  
  14  0:40  Refinery  
  14  0:54  Barracks  
  14  1:12  Barracks  
  14  1:22  Reaper  
  15  1:28  Refinery  
  15  1:41  Reaper  
  16  1:56  Reaper  
  17  2:06  Reaper  
  18  2:15  Reaper  
  19  2:29  Reaper  
  20  2:34  Orbital Command  
  20  2:38  Reaper  
  21  2:47  Reaper  
  21  3:03  Reaper  
  20  3:05  SCV  
  20  3:10  Reaper  
  21  3:19  Reaper, Supply Depot  
  22  3:23  SCV  
  21  3:35  Reaper, SCV  
  23  3:42  Reaper  
  23  3:47  SCV  
  26  3:59  SCV  
Show
View Real Time Build Order
Export as new Build Order

INnoVation Terran - Winner!

Build Orders: 1/1/1 

Get SALT Encoding   

  12  0:00  SCV  
  13  0:12  SCV  
  14  0:16  Supply Depot  
  14  0:24  SCV  
  14  0:27  Refinery  
  15  0:38  SCV  
  16  0:44  Barracks  
  16  0:50  SCV  
  16  0:54  Refinery  
  17  1:02  SCV  
  18  1:14  SCV  
  19  1:30  Orbital Command, Reaper  
  20  1:33  Factory  
  20  1:41  Supply Depot  
  20  1:56  SCV  
  21  2:06  Marine  
  21  2:08  SCV  
  23  2:17  Hellion, Starport  
  23  2:20  SCV  
  26  2:24  Marine  
  25  2:32  SCV  
  25  2:35  Supply Depot  
  26  2:38  Hellion  
  26  2:42  Marine  
  29  2:44  SCV  
  30  2:56  Starport Tech Lab  
  26  2:59  Hellion  
  26  3:00  Marine  
  26  3:02  SCV  
  29  3:15  Banshee  
  32  3:20  Marine  
  35  3:28  SCV  
  36  3:35  Supply Depot  
  36  3:38  Factory Tech Lab  
  36  3:40  SCV  
  35  3:41  Marine  
  36  3:52  SCV  
  44  4:04  SCV  
Tags
 
Matchup
TvT
Opening
1/1/1
Race
Terran
Spawn Locations
Cross Positions
Add a new tag
Caveats
  • Supply blocks, unpowered buildings, or Contaminate may cause inaccurate times.
  • Supply counts are checked every 10 seconds.